 Seeded DCSS version 0.31-a0-1237-gabc64e778c (webtiles) character file.

Game seed: 3878631621999772145 (custom seed)

33 timneilson the Shield-Bearer (level 3, -1/23 HPs)
             Began as a Gargoyle Fighter on Dec 16, 2023.
             Slain by a worm (3 damage)
             ... on level 2 of the Dungeon.
             The game lasted 00:01:29 (1133 turns).

timneilson the Shield-Bearer (Gargoyle Fighter)     Turns: 1133, Time: 00:01:30

Health: -1/23      AC: 11    Str: 19    XL:     3   Next: 29%
Magic:  3/3        EV:  9    Int:  8    God:
Gold:   70         SH:  5    Dex: 17    Spells: 2/2 levels left

rFire   + . .        a - +0 long sword
rCold   + . .        c - +0 buckler
rNeg    + . .        b - +0 scale mail
rPois   ∞            (no helmet)
rElec   +            g - +0 cloak
rCorr   +            (no gloves)
SInv    .            (no boots)
Will    .....        (no amulet) Stlth
                     e - +6 ring of dexterity
HPRegen 0.23/turn    (no ring)
MPRegen 0.08/turn

%: no passive effects
@: brilliant, resistant
A: sickness immunity, AC +3, negative energy resistance 1, electricity
resistance, torment resistance 1, petrification resistance
a: no special abilities


You were on level 2 of the Dungeon.
You visited 1 branch of the dungeon, and saw 2 of its levels.

You collected 70 gold pieces.

Inventory:

Hand Weapons
 a - a +0 long sword (weapon)
Armour
 b - a +0 scale mail (worn)
 c - a +0 buckler (worn)
 g - a +0 cloak (worn)
 l - a +0 plate armour
Jewellery
 e - a +6 ring of dexterity (left hand)
Scrolls
 f - 2 scrolls of fog
Potions
 d - a potion of might
 i - a potion of mutation {unknown}
 j - a potion of haste {unknown}
 m - 4 potions of attraction {unknown}


   Skills:
 + Level 3.5 Fighting
 * Level 2.2 Long Blades
 * Level 3.6 Armour
 + Level 0.4 Dodging
 * Level 3.7 Shields


You had 2 spell levels left.
You didn't know any spells.
Your spell library contained the following spells:

 Spells                   Type           Power      Damage    Failure   Level
 Foxfire                  Conj/Fire      0%         2x1d4     85%         1
 Hailstorm                Conj/Ice       0%         3d5       99%         3
 Anguish                  Hex/Necr       0%         N/A       100%        4
 Summon Ice Beast         Ice/Summ       0%         N/A       100%        4
 Summon Forest            Summ/Tloc      0%         N/A       100%        5
 Plasma Beam              Fire/Air       0%         2x1d10    100%        6
 Simulacrum               Ice/Necr       0%         N/A       100%        6
 Starburst                Conj/Fire      0%         6d3       100%        6


Dungeon Overview and Level Annotations

Branches:
Dungeon (2/15)

Altars:


Innate Abilities, Weirdness & Mutations

You are immune to sickness and miasma.
Your stone body is resilient. (AC +3)
You are immune to poison.
You resist negative energy. (rN+)
You are resistant to electric shocks. (rElec)
You are resistant to unholy torment.
You are immune to petrification.


Message History

You have reached level 3!
Your experience leads to an increase in your attributes!
Your base attributes are Str 19, Int 8, Dex 9.
Increase (S)trength, (I)ntelligence, or (D)exterity?
You feel agile. x2
You closely miss the goblin.
The endoplasm quivers.
The bat hits you but does no damage. The goblin hits you with a +0 club.
You closely miss the goblin. You block the bat's attack.
You block the goblin's attack. The goblin closely misses you.
You barely miss the goblin. The bat closely misses you.
The goblin barely misses you.
You slash the goblin!
You kill the goblin!
The bat hits you but does no damage. x2
You closely miss the bat. The bat hits you but does no damage. x3
The hobgoblin barely misses you. The endoplasm freezes you.
You are frozen.
The hobgoblin hits you with a +0 mace.
You barely miss the bat. The bat hits you. The endoplasm freezes you.
You are frozen.
The hobgoblin barely misses you. The bat hits you but does no damage.
You hit the endoplasm.
You kill the endoplasm!
The bat closely misses you. The hobgoblin hits you with a +0 mace.
* * * LOW HITPOINT WARNING * * *
The hobgoblin barely misses you.
Unknown command.
It was a potion of brilliance.
You feel clever all of a sudden. The bat misses you.
The bat hits you but does no damage. The hobgoblin closely misses you.
It was a potion of resistance.
You feel protected. The bat barely misses you.
You closely miss the bat. The bat hits you but does no damage. x2
You hit the worm but do no damage. The bat hits you but does no damage. x2
The worm bites you.
You die...

#.......... #.....[.# ##
#.......# ####### .#
#.......# .......
.#######.......# .......
...............# .......
...............# .......
...............##..b...!
†.............gw@.......
#+#.####.......##†......
#<# #.......# .......
### ######.g.........
+...........
#.......#### #.......#
#.......# #.......#


You could see a worm, a hobgoblin and a bat.

Vanquished Creatures
  An adder (D:2)
  3 bats
  6 endoplasms
  2 goblins
  A hobgoblin (D:1)
  A kobold (D:1)
  A quokka (D:2)
  4 ball pythons (D:1)
  A frilled lizard (D:1)
  A rat (D:1)
21 creatures vanquished.

Notes
Turn   | Place    | Note
-------+----------+-------------------------------------------
     0 | D:1      | timneilson the Gargoyle Fighter began the quest for the
                  | Orb.
     0 | D:1      | Reached XP level 1. HP: 14/14 MP: 1/1
   325 | D:1      | Reached XP level 2. HP: 18/19 MP: 2/2
   331 | D:1      | Got Niegh's Catalogue of Transposition and Obstruction
  1123 | D:2      | Reached XP level 3. HP: 15/23 MP: 3/3
  1129 | D:2      | HP: 1/23 [hobgoblin/+0 mace (6)]
  1133 | D:2      | Slain by a worm

Illustrated notes

Levels and vault maps discovered:
D:1:      dpeg_arrival_boxes_within_box, layout_loops_corners, st_stairs_7
D:2:      layout_basic

Skill      XL: |  1  2 |
---------------+-------+-----
Long Blades    | 2 |  2.2
Fighting       | |  3.5
Armour         | |  3.6
Dodging        | |  0.4
Shields        | |  3.7

Action                     || total
---------------------------++-------
  Melee: Long sword        ||    65
    Use: Scroll            ||     2
         Potion            ||     2
 Armour: Scale mail        ||    66
  Dodge: Dodged            ||    39
  Block: Buckler           ||    15

Table legend: (Time is in decaauts)
 A = Elapsed time spent in this place.
 B = Non-inter-level travel time spent in this place.
 C = Inter-level travel time spent in this place.
 D = Time resting spent in this place.
 E = Time spent auto-exploring this place.
 F = Levels seen in this place.
 G = Mean time per level.
                   A        B        C        D        E       F      G
               +--------+--------+--------+--------+--------+-----+--------+
         Total |   1153 |   1042 |    111 |      0 |    861 |   2 |  576.5 |
       Dungeon |   1153 |   1042 |    111 |      0 |    861 |   2 |  576.5 |
               +--------+--------+--------+--------+--------+-----+--------+

Top non-repeatable levels by time:
     D:1: 1079 daAuts
     D:2: 74 daAuts
